 Dungeon Crawl Stone Soup version 0.24.0-13-gcf9b319 (webtiles) character file.

Game seed: 14460950253866617501, levelgen mode: deterministic

198 AlyssaTheNerd the Poker (level 5, -1/42 HPs)
             Began as a Merfolk Berserker on Dec 17, 2019.
             Was a Believer of Trog.
             Slain by an orc
             ... wielding a +0 trident
              (5 damage)
             ... on level 4 of the Dungeon.
             The game lasted 00:06:56 (3223 turns).

AlyssaTheNerd the Poker (Merfolk Berserker)         Turns: 3223, Time: 00:06:56

Health: -1/42      AC: 10    Str: 17    XL:     5   Next: 77%
Magic:  14/14      EV:  7    Int:  9    God:    Trog [**....]
Gold:   71         SH:  0    Dex: 14    Spells: 4/4 levels left

rFire    . . .     SeeInvis .   f - +0 mace
rCold    . . .     Gourm    .   (no shield)
rNeg     . . .     Faith    .   u - +0 plate armour
rPois    .         Spirit   .   (no helmet)
rElec    .         Reflect  .   (no cloak)
rCorr    .         Harm     .   (no gloves)
MR       .....                  (no boots)
Stlth    ..........             (no amulet)
HPRegen  0.14/turn              r - +2 ring of intelligence
MPRegen  0.14/turn              h - ring of magical power

@: no status effects
A: change form in water, swift swim, stealthy swim
a: Berserk, Trog's Hand, Renounce Religion


You were on level 4 of the Dungeon.
You worshipped Trog.
Trog was pleased with you.
You were not hungry.

You visited 1 branch of the dungeon, and saw 4 of its levels.

You collected 71 gold pieces.

Inventory:

Hand Weapons
 a - a +0 spear
 f - a +0 mace (weapon)
Armour
 b - a +0 animal skin
 e - a +0 ring mail
 u - a +0 plate armour (worn)
Jewellery
 h - a ring of magical power (right hand)
 r - a +2 ring of intelligence (left hand)
Wands
 y - a wand of paralysis (11)
Scrolls
 d - 2 scrolls of identify
 g - 3 scrolls of immolation
 n - a scroll of remove curse
Potions
 i - 2 potions of flight
 j - a potion of ambrosia
 k - a potion of invisibility
 m - a potion of brilliance {unknown}
 o - 2 potions of curing {unknown}
 p - 3 potions of haste {unknown}
 q - a potion of magic {unknown}
 v - a potion of agility {unknown}
Comestibles
 c - 5 rations


   Skills:
 + Level 4.1 Fighting
 + Level 5.3 Polearms
 + Level 2.1 Armour
 * Level 4.9 Dodging
 + Level 2.4 Stealth


You had 4 spell levels left.
You didn't know any spells.
Your spell library was empty.

Dungeon Overview and Level Annotations

Branches:
Dungeon (4/15)
 Temple: D:4-7

Altars:
Fedhas
Okawaru
Uskayaw
Wu Jian
Xom
Yredelemnul


Message History

The orc wizard hits you with a +0 dagger.
The hound bites you but does no damage.
The orc wizard gestures at you while chanting.
The magic dart hits you.
* * * LOW HITPOINT WARNING * * *
The orc hits you from afar with a +0 trident.
* * * LOW HITPOINT WARNING * * *
You closely miss the hound. The hound bites you but does no damage.
The orc wizard casts a spell at you. You resist with some effort.
The hound barely misses you. The orc barely misses you.
The orc wizard hits you but does no damage.
You miss the hound. The hound bites you but does no damage.
The orc wizard hits you but does no damage.
The hound barely misses you. The orc hits you but does no damage.
The orc wizard hits you but does no damage.
You miss the hound. The hound barely misses you.
The orc wizard hits you but does no damage.
The orc hits you from afar with a +0 trident.
You die...

##...#..#.#.# #.#
##....#..#.#.# #.#
###.....##.#.#.# #.# ...
#.oo.........# . #.#
#...####..#.........### #.#
#........#...o....... #.#
..........####o##.#.########.##
##.......o## #h# ..............
#.........# #@# #>########.##
#.......oo# #o# .# #...
#................# # ####
#................#
#................#
########.........# #.........#
#.........# #.........#


You could see a hound, an orc wizard and 2 orcs.

Vanquished Creatures
  A phantom (D:4)
  5 adders
  A worm (D:3)
  2 dart slugs
  A leopard gecko (D:1)
  5 orcs (D:4)
  2 giant cockroaches (D:1)
  5 goblins
  11 hobgoblins
  4 jackals (D:2)
  A quokka (D:3)
  5 bats
  A frilled lizard (D:2)
  A quokka skeleton (D:4)
  4 rats
49 creatures vanquished.

Notes
Turn   | Place    | Note
-------+----------+-------------------------------------------
     0 | D:1      | AlyssaTheNerd the Merfolk Berserker began the quest for the
                  | Orb.
     0 | D:1      | Reached XP level 1. HP: 18/18 MP: 1/1
   241 | D:1      | Reached XP level 2. HP: 24/24 MP: 2/2
   527 | D:1      | Reached skill level 1 in Stealth
   717 | D:2      | Found a faded altar of an unknown god.
   760 | D:2      | Reached XP level 3. HP: 23/29 MP: 3/3
   848 | D:2      | Reached ** piety under Trog
  1385 | D:2      | Found a hide-covered altar of Uskayaw.
  1387 | D:2      | Found a snail-covered altar of Cheibriados.
  1387 | D:2      | Found a snail-covered altar of Cheibriados.
  1389 | D:2      | Found a shimmering altar of Xom.
  1389 | D:2      | Found a hazy altar of Hepliaklqana.
  1389 | D:2      | Found a shadowy altar of Dithmenos.
  1659 | D:3      | Reached XP level 4. HP: 14/37 MP: 4/4
  2316 | D:3      | Found an ornate altar of the Wu Jian Council.
  2354 | D:3      | Found an iron altar of Okawaru.
  2652 | D:3      | Found a basalt altar of Yredelemnul.
  2655 | D:3      | Found a hide-covered altar of Uskayaw.
  2661 | D:3      | Found a blossoming altar of Fedhas.
  2845 | D:4      | Noticed a phantom
  2920 | D:4      | Killed a phantom
  2920 | D:4      | Reached skill level 5 in Polearms
  2920 | D:4      | Reached XP level 5. HP: 15/42 MP: 5/5
  3219 | D:4      | HP: 2/42 [orc/+0 trident (3)]
  3223 | D:4      | Slain by an orc

Levels and vault maps discovered:
D:1:      nicolae_arrival_memento_mori, layout_basic
D:2:      layout_basic, first_ration, chequers_ecumenical_altar_simple_redux,
          doesnt_xom_only_xom
D:3:      layout_basic, lemuel_doored_altar, grunt_temple_overflow_diamond,
          okawaru_trees_1
D:4:      layout_basic, minmay_temple_entry_enclosed_plants,
          minmay_ruined_shrine

Skill      XL: |  1  2  3  4 |
---------------+-------------+-----
Dodging        | 3 4 |  4.9
Stealth        | 1 2 |  2.4
Fighting       | 4 |  4.1
Polearms       | 5 |  5.3
Armour         | 2 |  2.1

Action                   |  1- 3 |  4- 6 || total
-------------------------+-------+-------++-------
Melee: Spear             |   151 |    27 ||   178
       Mace              |       |    86 ||    86
  Use: Scroll            |     7 |     5 ||    12
       Potion            |       |     1 ||     1
  Eat: Chunk             |     2 |     4 ||     6
       Ration            |       |     1 ||     1
Armor: Ring mail         |    32 |     7 ||    39
       Animal skin       |     1 |       ||     1
       Plate armour      |       |   110 ||   110
Dodge: Dodged            |    63 |    74 ||   137
